 Dungeon Crawl Stone Soup version 0.28-a0-925-gd5e1996cdb (webtiles) character file.

Game seed: 11095690157819937684

520 Crownlay the Ruffian (level 7, -1/62 HPs)
             Began as a Troll Hunter on Nov 26, 2021.
             Slain by an ogre (17 damage)
             ... on level 5 of the Dungeon.
             The game lasted 00:07:24 (2996 turns).

Crownlay the Ruffian (Troll Hunter)                 Turns: 2996, Time: 00:07:25

Health: -1/62      AC:  4    Str: 23    XL:     7   Next: 1%
Magic:  6/6        EV:  9    Int:  7    God:
Gold:   245        SH:  0    Dex: 10    Spells: 6/6 levels left

rFire   . . .      SeeInvis .     - Unarmed
rCold   . . .      Faith    .   (no shield)
rNeg    . . .      Spirit   .   b - +0 robe
rPois   .          Reflect  .   (helmet restricted)
rElec   .          Harm     .   (no cloak)
rCorr   .          Rampage  .   (gloves unavailable)
Will    .....                   (boots unavailable)
Stlth   +.........              (no amulet)
HPRegen 1.00/turn               (no ring)
MPRegen 0.10/turn               (no ring)

@: no status effects
A: large, unfitting armour, claws 3, regeneration 1, shaggy fur 1, tough skin 1
a: no special abilities


You were on level 5 of the Dungeon.
You visited 1 branch of the dungeon, and saw 5 of its levels.

You collected 245 gold pieces.

Inventory:

Missiles
 c - 2 large rocks (quivered)
 d - 2 throwing nets
 f - 9 javelins
Armour
 b - a +0 robe (worn)
Scrolls
 e - 2 scrolls of identify
 i - a scroll of enchant armour {unknown}
 j - 2 scrolls of enchant weapon
 k - 2 scrolls of noise
 l - 2 scrolls of teleportation {unknown}
 n - 2 scrolls of amnesia {unknown}
 p - a scroll of acquirement {unknown}
 q - a scroll of immolation {unknown}
 r - a scroll of fear {unknown}
 t - a scroll of magic mapping {unknown}
Potions
 a - a potion of ambrosia {unknown}
 g - 2 potions of lignification {unknown}
 h - 2 potions of haste {unknown}
 m - 3 potions of berserk rage
 o - a potion of might {unknown}
 s - a potion of brilliance {unknown}
 u - 2 potions of curing {unknown}
 v - a potion of heal wounds {unknown}


   Skills:
 - Level 1.5 Fighting
 + Level 5.2 Throwing
 - Level 1.5 Dodging
 - Level 0.3 Stealth
 * Level 5.9 Unarmed Combat


You had 6 spell levels left.
You didn't know any spells.
Your spell library contained the following spells:

 Spells                   Type           Power      Damage    Failure   Level
 Beastly Appendage        Tmut           0%         N/A       43%         1
 Summon Small Mammal      Summ           0%         N/A       43%         1
 Wereblood                Tmut           0%         N/A       56%         2
 Call Canine Familiar     Summ           0%         N/A       80%         3
 Spider Form              Tmut/Pois      0%         N/A       80%         3
 Summon Guardian Golem    Hex/Summ       0%         N/A       80%         3


Dungeon Overview and Level Annotations

Branches:
Dungeon (5/15)
 Temple: D:4-7

Altars:
Gozag
Makhleb
Uskayaw


Innate Abilities, Weirdness & Mutations

You are too large for most types of armour.
You have claws for hands.
Your natural rate of healing is unusually fast.
You are covered in fur. (AC +1)
You have tough skin. (AC +1)


Message History

The mummy is almost destroyed.
You scratch the mummy.
You destroy the mummy!
You have reached level 7!
u - 2 puce potions (gained 1)
e - 2 scrolls of identify (gained 1)
l - 2 scrolls labelled HILLEI SULO (gained 1)
Found 14 sling bullets.
No target in view!
An ogre comes into view. It is wielding a +0 giant spiked club.
Found 22 stones.
The ogre shouts!
An ogre is nearby!
Found a burning altar of Makhleb.
Throw: 5 large rocks
Press: ? - help, Q - select action, (/) - cycle Shift-Dir - straight line, f - ogre
Aim: an ogre, wielding a +0 giant spiked club (73% to hit)
You throw a large rock. The large rock hits the ogre!
The ogre is moderately wounded.
Throw: 4 large rocks
Press: ? - help, Q - select action, (/) - cycle Shift-Dir - straight line, f/p - ogre
Aim: an ogre, wielding a +0 giant spiked club (moderately wounded, 73% to hit)
You throw a large rock. The large rock hits the ogre!
The ogre is severely wounded.
The ogre hits you with a +0 giant spiked club!!
Throw: 3 large rocks
Press: ? - help, Q - select action, (/) - cycle Shift-Dir - straight line, f/p - ogre
Aim: an ogre, wielding a +0 giant spiked club (severely wounded, 73% to hit)
You throw a large rock. The large rock hits the ogre.
The ogre is almost dead.
The ogre hits you with a +0 giant spiked club!!
* * * LOW HITPOINT WARNING * * *
You are too injured to fight recklessly!
Attack: -) Claws
Press: ? - help, Dir - move target, f/p - ogre
Aim: an ogre, wielding a +0 giant spiked club (almost dead, about 25% to evade your claws)
You scratch the ogre but do no damage.
The ogre is almost dead.
The ogre hits you with a +0 giant spiked club!
You die...

# #........# ### #
#...(....##.. #
#........#..
#######♣
♣......... ###
..†.<..♣
.♣..(.....#....
#......♣
.....(.(.......
#)....#♣
_.....O..?.....
.#...## ###@#
...#.##♣ ♣###...#
.......♣♣♣♣....###
...##.......####
..####.....##
...............
..####..........
..# #..........#
#...........


You could see an ogre.

Vanquished Creatures
  Menkaure (D:4)
  An ogre (D:5)
  A phantom (D:4)
  A jelly (D:5)
  An iguana (D:4)
  Terence (D:2)
  A mummy (D:5)
  A hound zombie (D:3)
  A hound skeleton (D:4)
  A howler monkey zombie (D:3)
  A howler monkey skeleton (D:3)
  3 adders
  An ufetubus (D:4)
  2 adder skeletons (D:3)
  4 worms
  4 dart slugs
  13 orcs
  6 bats
  5 endoplasms
  11 goblins
  6 hobgoblins
  3 jackals (D:1)
  6 kobolds
  2 quokkas
  9 ball pythons
  A ball python skeleton (D:3)
  A ball python zombie (D:3)
  A frilled lizard (D:2)
  2 hobgoblin zombies (D:5)
  2 orc zombies (D:5)
  5 rats
98 creatures vanquished.

Notes
Turn   | Place    | Note
-------+----------+-------------------------------------------
     0 | D:1      | Crownlay the Troll Hunter began the quest for the Orb.
     0 | D:1      | Reached XP level 1. HP: 19/19 MP: 0/0
   124 | D:1      | Reached skill level 1 in Unarmed Combat
   149 | D:1      | Reached XP level 2. HP: 23/27 MP: 1/1
   479 | D:1      | Reached XP level 3. HP: 31/33 MP: 2/2
   815 | D:2      | Noticed Terence
   831 | D:2      | Killed Terence
   832 | D:2      | Reached XP level 4. HP: 14/41 MP: 3/3
  1776 | D:3      | Found a hide-covered altar of Uskayaw.
  1849 | D:3      | Reached XP level 5. HP: 48/48 MP: 4/4
  2153 | D:3      | Found a faded altar of an unknown god.
  2417 | D:4      | Noticed a phantom
  2434 | D:4      | Killed a phantom
  2435 | D:4      | Reached skill level 5 in Unarmed Combat
  2435 | D:4      | Reached XP level 6. HP: 28/55 MP: 5/5
  2757 | D:5      | Entered Level 5 of the Dungeon
  2765 | D:5      | Noticed Menkaure
  2785 | D:4      | Killed Menkaure
  2786 | D:4      | Reached skill level 5 in Throwing
  2834 | D:5      | Found an opulent altar of Gozag.
  2943 | D:5      | Reached XP level 7. HP: 62/62 MP: 6/6
  2992 | D:5      | Found a burning altar of Makhleb.
  2996 | D:5      | Slain by an ogre

Illustrated notes

Levels and vault maps discovered:
D:1:      evilmike_arrival_hilbert_curve, layout_basic
D:2:      minmay_chambers_of_twos, layout_basic, roderic_serpentine_path,
          st_stairs_10, uniq_terence
D:3:      layout_loops_cross, nicolae_uskayaw_dance_hall, serial_undead,
          serial_undead_e, serial_undead_b, serial_undead_a, serial_undead_c,
          shapermc_ecumenical_altar_venn
D:4:      layout_cave_pools, st_stairs_1, grunt_ministairs_10, glass_columns_a
D:5:      layout_rooms, mainiacjoe_overflow_alcove_1,
          nicolae_gozag_seed_capital, nicolae_dithmenos_through_a_glass_darkly,
          minmay_temple_entry_trees, serial_shops, nicolae_shop_stone,
          minmay_mini_ossuary, uniq_eustachio, uniq_menkaure, uniq_sigmund

Skill      XL: |  1  2  3  4  5  6 |
---------------+-------------------+-----
Unarmed Combat | 1 2 3 5 |  5.9
Throwing       | 4 5 |  5.2
Fighting       | |  1.5
Dodging        | |  1.5
Stealth        | |  0.3

Action                   |  1- 3 |  4- 6 |  7- 9 || total
-------------------------+-------+-------+-------++-------
Melee: Short sword       |    89 |       |       ||    89
       Punch             |     1 |     3 |       ||     4
       Unarmed           |    32 |   184 |     1 ||   217
Throw: Javelin           |       |     7 |       ||     7
       Throwing net      |       |     3 |       ||     3
       Large rock        |       |     5 |     3 ||     8
  Use: Scroll            |       |     3 |       ||     3
 Stab: Sleeping          |       |     2 |       ||     2
       Held in net/web   |       |     3 |       ||     3
Armor: Robe              |    53 |    63 |       ||   116
Dodge: Dodged            |    61 |   104 |       ||   165

Table legend: (Time is in decaauts)
 A = Elapsed time spent in this place.
 B = Non-inter-level travel time spent in this place.
 C = Inter-level travel time spent in this place.
 D = Time resting spent in this place.
 E = Time spent auto-exploring this place.
 F = Levels seen in this place.
 G = Mean time per level.
                   A        B        C        D        E       F      G
               +--------+--------+--------+--------+--------+-----+--------+
         Total |   2996 |   2905 |     91 |      0 |   2217 |   5 |  599.2 |
       Dungeon |   2996 |   2905 |     91 |      0 |   2217 |   5 |  599.2 |
               +--------+--------+--------+--------+--------+-----+--------+

Top non-repeatable levels by time:
     D:2: 922 daAuts
     D:1: 676 daAuts
     D:3: 662 daAuts
     D:4: 534 daAuts
     D:5: 200 daAuts
